 Dungeon Crawl Stone Soup version 0.21.0-3-g78d12a8 (webtiles) character file.

1077542 Miyamura the Hoplite (level 27, -8/417 HPs)
             Began as a Demonspawn Wanderer on Jan 12, 2018.
             Was the Champion of Cheibriados.
             Mangled by a greater mummy (14 damage)
             ... on level 27 of a ziggurat on Jan 13, 2018.
             The game lasted 05:40:43 (107281 turns).

Miyamura the Hoplite (Demonspawn Wanderer)        Turns: 107281, Time: 05:40:43

Health: -8/417     AC: 43    Str: 22 (31) XL:     27
Magic:  0/46       EV:  2    Int: 27 (31) God:    Cheibriados [******]
Gold:   7843       SH: 37    Dex: 33      Spells: 8/65 levels left

rFire    + . .     SeeInvis +   x - +8 trident of the Octopus King {venom, rElec rPois MR+}
rCold    . . .     Gourm    .   y - +10 large shield of Ignorance {rN+ Int-4}
rNeg     + + +     Faith    .   (armour currently unavailable)
rPois    +         Spirit   .   (helmet unavailable)
rElec    +         Reflect  .   (cloak currently unavailable)
rCorr    .         Harm     .   (gloves currently unavailable)
MR       +++++     Clarity  +   (boots currently unavailable) Stlth ++++++....NoTele +
                                R - amulet of regeneration
HPRegen  1.19/turn              V - ring of Division {*Drain rPois rF+ MR+++ Dex-3}
MPRegen  0.30/turn              o - ring of Geuram {Wiz Dex+5 SInv}

@: tree-form, flayed, slowed, very slow
A: clarity, icemail, nightstalker 3, sense surroundings 1, robust 3, no potion
heal 1, freezing cloud immunity, subdued magic 2, MP-powered wands
}: 7/15 runes: decaying, slimy, silver, iron, icy, fiery, gossamer
a: Bend Time, Temporal Distortion, Slouch, Step From Time, Renounce Religion


You were on level 27 of a ziggurat.
You worshipped Cheibriados.
Cheibriados was exalted by your worship.
You were not hungry.
You were a tree.
You visited 14 branches of the dungeon, and saw 72 of its levels.
You visited Pandemonium 1 time, and saw 4 of its levels.
You visited the Abyss 1 time.
You visited 1 bazaar.
You visited 1 ziggurat, and saw 27 of its levels.
You also visited: Ice Cave.

You collected 11715 gold pieces.
You spent 3872 gold pieces at shops.

Inventory:

Hand Weapons
 c - a +9 vampiric broad axe
 x - the +8 trident of the Octopus King (weapon) {venom, rElec rPois MR+}
   (You found it on level 19 of a ziggurat)

   It poisons the flesh of those it strikes.
   It insulates you from electricity.
   It protects you from poison.
   It affects your resistance to hostile enchantments.
 E - the +10 hand crossbow of the Asp {freeze, Int+3}
   (You found it on level 3 of the Abyss)

   It causes projectiles fired from it to freeze those they strike, causing
   extra injury to most foes and up to half again as much damage against
   particularly susceptible opponents.
   They can also slow down cold-blooded creatures.
   It affects your intelligence (+3).
 P - the cursed +14 obsidian axe {chop, +Fly SInv *Curse}
   (You found it on level 7 of a ziggurat)

   It inflicts extra damage upon your enemies.
   It lets you see invisible.
   It lets you fly.
   It curses itself when equipped.
   It has a curse placed upon it.
 W - the +8 frozen axe "Frostbite" {freezing cloud, *Noise +Fly rC+}
   (You found it on level 25 of a ziggurat)

   It has been specially enchanted to freeze those struck by it, causing extra
   injury to most foes and up to half again as much damage against particularly
   susceptible opponents.
   It can also slow down cold-blooded creatures.
   It protects you from cold.
   It lets you fly.
   It may make noises in combat.
 Z - the +8 mithril axe "Arga" {speed, MR+}
   (You found it on level 7 of a ziggurat)

   Attacks with this weapon are significantly faster.
   It affects your resistance to hostile enchantments.
   Cheibriados disapproves of the use of such an item.
Missiles
 I - 1885 bolts
Armour
 e - a +4 troll leather armour
 t - the +10 pearl dragon scales of Inaction (melded) {rN+ Int+2 Dex+4}
   (Okawaru gifted it to you on level 1 of the Lair of Beasts)

   It affects your intelligence (+2).
   It affects your dexterity (+4).
   It protects you from negative energy.
 u - the +5 pair of boots "Ceisacw" (melded) {rF+ Int+6}
   (You found it on level 5 of the Pits of Slime)

   It affects your intelligence (+6).
   It protects you from fire.
 y - the +10 large shield of Ignorance (worn) {rN+ Int-4}
   (You acquired it on level 4 of the Swamp)

   It affects your intelligence (-4).
   It protects you from negative energy.
 L - a +2 pair of gloves of dexterity (melded)
 U - a +2 pair of boots of flying
 X - the +4 cloak "Coociarph" (melded) {rN+}
   (Okawaru gifted it to you on level 2 of the Elven Halls)

   It protects you from negative energy.
Jewellery
 i - the ring "Neuduadu" {rF+ rN+ Int+3 Dex+6}
   (You found it in Pandemonium)

   [ring of protection from fire]

   It affects your intelligence (+3).
   It affects your dexterity (+6).
   It protects you from fire.
   It protects you from negative energy.
 o - the ring of Geuram (right branch) {Wiz Dex+5 SInv}
   (You found it on level 4 of the Depths)

   [ring of wizardry]

   It improves your spell success rate.
   It affects your dexterity (+5).
   It lets you see invisible.
 C - the ring "Fofugierir" {rCorr rPois Str+8 Int-4 SInv}
   (You found it on level 25 of a ziggurat)

   [ring of resist corrosion]

   It affects your strength (+8).
   It affects your intelligence (-4).
   It protects you from poison.
   It lets you see invisible.
 F - the ring of the Amoeba {rC+ Str+5 Dex+4}
   (You found it on level 1 of the Lair of Beasts)

   [ring of protection from cold]

   It affects your strength (+5).
   It affects your dexterity (+4).
   It protects you from cold.
 J - the ring "Nuptycal" {rPois rF+ rC+ Stlth+}
   (You found it on level 24 of a ziggurat)

   [ring of stealth]

   It protects you from fire.
   It protects you from cold.
   It protects you from poison.
   It makes you more stealthy.
 Q - the ring of Ulungiciugg {+Inv rElec Int+4 Slay+2}
   (You took it off a deep elf death mage on level 3 of the Elven Halls)

   [ring of intelligence]

   It affects your intelligence (+4).
   It affects your accuracy and damage with ranged weapons and melee attacks
   (+2).
   It insulates you from electricity.
   It lets you turn invisible.
 R - an amulet of regeneration (around neck)
 V - the ring of Division (left branch) {*Drain rPois rF+ MR+++ Dex-3}
   (You found it on level 11 of the Dungeon)

   [ring of protection from fire]

   It affects your dexterity (-3).
   It protects you from fire.
   It protects you from poison.
   It affects your resistance to hostile enchantments.
   It causes draining when unequipped.
Wands
 l - a wand of acid (11)
 s - a wand of iceblast (93)
 B - a wand of digging (57)
 Y - a wand of clouds (14)
Scrolls
 b - 22 scrolls of teleportation
 d - 16 scrolls of amnesia
 g - 12 scrolls of fog
 j - 7 scrolls of fear
 m - 36 scrolls of remove curse
 n - 4 scrolls of immolation
 p - 12 scrolls of blinking
 r - 9 scrolls of enchant weapon
 v - 7 scrolls of vulnerability
 S - 10 scrolls of magic mapping
Potions
 a - 5 potions of brilliance
 k - a potion of cancellation
 w - 5 potions of lignification
 A - 18 potions of mutation
 M - 23 potions of curing
 N - 6 potions of flight
 O - 3 potions of magic
 T - 5 potions of ambrosia
Miscellaneous
 D - a crystal ball of energy
 G - 14 phantom mirrors
 K - 11 sacks of spiders
Comestibles
 f - 77 rations


   Skills:
 - Level 17.0 Fighting
 - Level 6.0(6.6) Axes
 - Level 4.3(5.8) Polearms
 - Level 10.9 Crossbows
 - Level 19.8 Armour
 - Level 19.6 Dodging
 - Level 2.6 Stealth
 - Level 25.4 Shields
 - Level 17.8 Unarmed Combat
 + Level 19.9 Spellcasting
 - Level 7.3 Hexes
 - Level 20.6 Necromancy
 * Level 12.8 Translocations
 - Level 17.7 Transmutations
 - Level 24.8 Air Magic
 - Level 13.1 Earth Magic
 - Level 11.0 Invocations
 - Level 4.0 Evocations


You had 8 spell levels left.
You knew the following spells:

 Your Spells              Type           Power        Failure   Level  Hunger
b - Blink                 Tloc           N/A          0%          2    None
c - Controlled Blink      Tloc           N/A          16%         8    ######.
f - Freezing Cloud        Conj/Ice/Air   #####.....   1%          6    #......
i - Invisibility          Hex            #####...     3%          6    #......
l - Lesser Beckoning      Tloc           ######....   0%          3    None
r - Regeneration          Chrm/Necr      ######....   0%          3    None
s - Statue Form           Tmut/Erth      ######...    1%          6    #......
t - Tornado               Air            #######...   1%          9    #######
z - Necromutation         Tmut/Necr      ######....   1%          8    ######.
D - Deflect Missiles      Chrm/Air       ######....   1%          6    #......


Dungeon Overview and Level Annotations

Branches:
Dungeon (15/15)            Temple (0/1) D:7            Lair (6/6) D:9
  Swamp (4/4) Lair:2       Spider (4/4) Lair:4        Slime (5/5) Lair:5
    Orc (2/2) D:9             Elf (3/3) Orc:2        Vaults (5/5) D:14
  Crypt (3/3) Vaults:3       Tomb (0/3) Crypt:3      Depths (5/5) D:15
   Hell (1/1)                 Dis (7/7) Hell            Geh (0/7) Hell
    Coc (7/7) Hell            Tar (0/7) Hell            Zot (5/5) Depths:5

Altars:
Ashenzari
Cheibriados
Dithmenos
Hepliaklqana
Kikubaaqudgha
Nemelex Xobeh
Okawaru
Ru
Sif Muna
Trog
Uskayaw
Yredelemnul
Beogh
Jiyva
Lugonu

Shops:
D:5 }   D:15 (   Orc:2 ![==%   Elf:3 =   Vaults:1 (   Vaults:3 (   Depths:5 }

Portals:
Hell: Depths:1 Depths:2 Depths:3 Depths:4 Depths:5
Abyss: Depths:1 Depths:2 Depths:4
Pandemonium: Depths:3 Depths:5
Trove: Elf:1 (give +4 storm dragon scales)


Innate Abilities, Weirdness & Mutations

((You have a pair of large horns on your head.))
((Your flesh is cold resistant. (rC+)))
A meltable icy envelope protects you from harm. (AC +10)
You are completely attuned to the shadows.
You are extremely robust. (+30% HP)
You are immune to freezing clouds.
((Your movements are significantly less encumbered by armour. (ER -6)))
You possess an exceptional clarity of mind.
You passively map a small area around you.
((You are covered in fur. (AC +1)))
Potions are less effective at restoring your health.
Your spells are easier to cast, but less powerful.
You expend magic power (3 MP) to strengthen your wands.


Message History

Unknown command.
Unknown command.
Your system partially rejects the healing.
You feel much better. You block the death scarab's attack.
The death scarab bites you but does no damage.
You block the mana viper's attack.
The greater mummy mumbles some strange words.
You block the greater mummy's attack. x3
The death scarab bites you but does no damage.
The mummy priest mumbles some strange prayers to its god against you.
Something smites you!
* * * LOW HITPOINT WARNING * * *
The mana viper bites you.
* * * LOW HITPOINT WARNING * * *
You feel your power leaking away. The greater mummy hits you!
* * * LOW HITPOINT WARNING * * *
The flayed ghost stares at you with tortured malice.
The greater mummy hits you!
You die...

..............P., ,
............♣♣.#.
................P..
...............♣Z..ZZZ
..............W♣MMMMM,
..............W8MMM8M
,, ,......MsMsM8MM ,


......sSMsSMMM , , , ....ssMM♣sSMV, ...sSsMMMsWM ...MsZMss.. * ...ss.....,
......... , ,,, , * , , ,, , , , You could see 12 greater mummies, 6 emperor
scorpions, 2 mummy priests, a flayed ghost, 2 phantasmal warriors, 4 mana
vipers, 9 guardian mummies, 3 ushabtiu, a vampire, 7 death scarabs, 4 mummies
and a tengu reaver skeleton.

Vanquished Creatures
  Cerebov (Pan)
  Antaeus (Coc:7)
  the Royal Jelly (Slime:5)
  the Serpent of Hell (Dis:7)
  Dispater (Dis:7)
  Khufu (Crypt:3)
  2 orbs of fire
  12 ancient liches
  13 juggernauts (Zig:26)
  Sojobo (Depths:4)
  7 greater mummies (Zig:27)
  Boris (Crypt:2)
  The ghost of happinesssam the Hoplite, a legendary GrGl of Hepliaklqana (Dis:7)
  Frederick (Vaults:3)
  14 shard shrikes
  the Lernaean hydra (Swamp:4)
  Margery (Crypt:2)
  Saint Roka (Vaults:1)
  Xtahua (Vaults:3)
  3 curse toes
  Geryon (Hell)
  5 pandemonium lords
  2 profane servitors
  Nikola (Depths:2)
  the Enchantress (Depths:2)
  19 golden dragons
  4 Tzitzimimeh
  2 electric golems
  12 iron giants
  9 bone dragons
  7 liches
  10 Brimstone Fiends
  Jorgrun (Crypt:2)
  20 tentacled monstrosities
  14 Hell Sentinels
  Asterion (Elf:1)
  32 Ice Fiends
  8 quicksilver dragons
  16 titans
  5 deep elf master archers
  23 acid blobs
  14 deep elf blademasters
  A tentacled starspawn (Abyss:3)
  Murray (Hell)
  Agnes (D:14)
  5 sphinxes
  10 death cobs
  5 Executioners
  3 eldritch tentacles
  10 tengu reavers
  15 storm dragons
  24 ancient champions
  Donald (Spider:1)
  5 draconian monks
  5 shadow dragons
  35 nagarajas
  8 revenants
  13 azure jellies
  The ghost of inmateoo the Bludgeoner, a journeyman DDFi of the Shining One (Dis:1)
  11 draconian knights
  21 fire giants
  6 warmongers
  12 deep elf sorcerers
  18 frost giants
  11 orc warlords
  23 ghost moths
  7 iron dragons
  11 emperor scorpions
  31 vault wardens
  8 cacodemons
  Louise (D:15)
  4 draconian annihilators
  19 ironheart preservers
  42 balrugs
  The ghost of Monsterracer the Severer, a journeyman DDFi of Makhleb (Orc:1)
  2 angels
  2 draconian scorchers (Zot:2)
  3 curse skulls
  10 ghouls
  5 deep elf elementalists
  3 elemental wellsprings (Coc:7)
  A draconian stormcaller (Zot:4)
  5 draconian shifters
  A juggernaut skeleton (Zig:6)
  25 war gargoyles
  57 reapers
  An entropy weaver (shapeshifter) (Zig:25)
  2 blood saints
  8 vampire knights
  21 very ugly things
  4 bennus (Zig:27)
  7 spriggan defenders
  5 black suns
  18 entropy weavers
  46 stone giants
  12 deep elf demonologists
  7 green draconians
  6 caustic shrike skeletons (Depths:2)
  A corrupter (Pan)
  4 lorocyprocas
  7 purple draconians
  3 black draconians
  10 yellow draconians
  6 spark wasps
  Snorg (Lair:6)
  12 deep elf annihilators
  A dire elephant (Zig:17)
  10 white draconians
  14 green deaths
  14 red draconians
  5 eidola
  21 blizzard demons
  15 deep elf death magi
  13 ettins
  11 death oozes
  5 merfolk javelineers (Zig:15)
  7 mummy priests
  2 merfolk impalers
  A kraken zombie (Coc:6)
  12 fire dragons
  A spectral golden dragon (Crypt:3)
  3 quicksilver dragon zombies
  15 deep elf high priests
  21 jiangshi
  21 yaktaur captains
  3 great orbs of eyes
  26 ice dragons
  40 vault guards
  4 hell beasts
  9 spriggan air magi
  A juggernaut simulacrum (Depths:4)
  2 rakshasas
  2 quicksilver dragon skeletons
  A caustic shrike simulacrum (Zig:23)
  46 two-headed ogres
  5 monstrous demonspawn
  8 centaur warriors
  An alligator snapping turtle (Depths:3)
  3 ghost crabs
  6 naga warriors
  28 hydras
  The ghost of loralnil the Fighter, a novice MiMo of Yredelemnul (D:10)
  6 anacondas
  5 merfolk aquamancers
  13 alligators
  4 merfolk avatars
  9 death knights
  An anaconda (shapeshifter) (Zig:25)
  2 satyrs
  11 death scarabs
  2 tengu warriors
  A queen ant (Spider:1)
  42 dancing weapons
  2 thrashing horrors
  11 death yaks
  14 ogre magi
  17 orc high priests
  9 titan zombies
  2 deep troll shamans
  9 spriggan berserkers
  7 vampire magi
  10 naga sharpshooters
  6 shock serpents
  A shock serpent (shapeshifter) (Vaults:1)
  18 hell knights
  4 wretched stars
  39 soul eaters
  46 deep elf knights
  Urug (Lair:5)
  4 storm dragon zombies
  83 sun demons
  3 titan skeletons
  2 fire crabs (shapeshifter) (Vaults:1)
  12 iron golems
  5 shadow demons
  10 sixfirhies
  3 ghost moth zombies
  6 shadow wraiths
  2 salamander mystics
  20 iron trolls
  125 slime creatures
  3 spatial maelstroms
  5 anaconda zombies
  4 naga ritualists (Zig:24)
  8 golden dragon zombies
  75 skeletal warriors
  2 storm dragon skeletons
  A sea snake (shapeshifter) (Zig:8)
  4 deep trolls
  4 death drakes (Zig:22)
  2 gelid demonspawn (Pan)
  3 infernal demonspawn (Pan)
  19 swamp dragons
  An entropy weaver zombie (Vaults:1)
  A death drake (shapeshifter) (Zig:25)
  2 wizards
  A glowing orange brain (Vaults:3)
  4 sea snakes (Zig:15)
  10 spriggan druids
  8 phantasmal warriors
  15 flayed ghosts
  5 starcursed masses
  2 lindwurms (Depths:3)
  2 golden dragon skeletons
  2 shadow dragon zombies
  39 deep elf archers
  23 ironbrand convokers
  6 torturous demonspawn (Pan)
  A sphinx zombie (Depths:4)
  7 shambling mangroves
  3 harpies
  20 necromancers
  A spectral wolf spider (Spider:4)
  36 orb spiders
  9 mana vipers
  7 wolf spider zombies
  A lindwurm (shapeshifter) (Vaults:4)
  9 orc sorcerers
  19 orc knights
  6 anaconda skeletons
  40 ugly things
  52 wolf spiders
  3 fauns (Zig:15)
  2 shadow dragon skeletons
  6 iron dragon zombies
  3 shining eyes
  A spectral ice dragon (Crypt:3)
  3 human zombies
  109 deep elf magi
  6 salamanders
  A faun (shapeshifter) (Vaults:2)
  A sphinx skeleton (Vaults:5)
  17 large abominations
  8 frost giant zombies
  9 stone giant zombies
  8 fire giant zombies
  A salamander (shapeshifter) (Vaults:1)
  An oklob plant (D:12)
  6 manticores
  8 elephants
  4 cyclopes
  34 moths of wrath
  7 guardian serpents
  2 worldbinders (Abyss:3)
  2 merfolk sirens (Zig:15)
  A shock serpent zombie (Coc:7)
  Joseph (D:9)
  2 water nymphs (Zig:15)
  3 frost giant skeletons
  2 water nymphs (shapeshifter) (Zig:12)
  43 rust devils
  19 vault sentinels
  11 smoke demons
  9 torpor snails
  6 eyes of devastation
  A titan simulacrum (Zig:23)
  4 fire giant skeletons
  6 naga magi
  3 storm dragon simulacra
  5 ice statues
  3 centaur skeletons
  19 orange demons (Pan)
  A gargoyle (D:13)
  33 black mambas
  2 dire elephant skeletons
  16 spiny frogs
  4 dire elephant zombies
  A shock serpent skeleton (Dis:4)
  A spriggan skeleton (Zig:27)
  2 spectral redbacks (Spider:4)
  A catoblepas zombie (Dis:7)
  10 rime drakes
  2 kobold demonologists (Depths:4)
  A redback zombie (Spider:4)
  9 hellions
  A rime drake (shapeshifter) (Zig:5)
  20 efreet
  A yaktaur skeleton (Vaults:5)
  4 hellwings
  39 demonic crawlers
  An emperor scorpion zombie (Dis:1)
  6 komodo dragons
  8 hydra zombies
  An ancient zyme (Abyss:3)
  24 tormentors
  36 freezing wraiths
  53 ice devils
  29 yaktaurs
  A minotaur zombie (Crypt:2)
  A silent spectre (Depths:4)
  15 guardian mummies
  15 merfolk (Zig:15)
  A merfolk (shapeshifter) (Vaults:5)
  2 tengu conjurers (Depths:2)
  A meliai (shapeshifter) (Zig:25)
  13 trolls
  2 meliai
  64 red devils
  A jumping spider (shapeshifter) (Vaults:5)
  3 harpy zombies
  A wind drake (Zig:15)
  57 jumping spiders
  4 polar bears (Lair:6)
  7 dream sheep
  15 blink frogs
  2 spectral jumping spiders (Spider:4)
  4 spectral tarantellas (Spider:4)
  4 tarantella zombies (Spider:4)
  48 hornets
  2 sphinx simulacra (Zig:23)
  5 ice dragon zombies
  4 hydra skeletons
  A tengu simulacrum (Vaults:5)
  A jumping spider zombie (Spider:4)
  7 ettin zombies
  6 snapping turtles (Zig:15)
  4 raiju
  6 tyrant leeches
  15 bog bodies
  3 harpy skeletons
  An iron dragon simulacrum (Zig:23)
  2 fire giant simulacra (Hell)
  5 fire dragon zombies
  A hippogriff (shapeshifter) (Zig:14)
  8 hippogriffs
  6 alligator zombies
  107 redbacks
  3 ettin skeletons
  A frost giant simulacrum (Vaults:1)
  122 flying skulls
  2 stone giant simulacra
  9 air elementals
  An ice dragon skeleton (Coc:7)
  2 elf simulacra (Zig:23)
  40 ynoxinuls
  50 tarantellas
  66 spriggans
  17 wraiths
  50 yaks
  3 vampires (Vaults:3)
  2 fire dragon skeletons
  A tarantella (shapeshifter) (Zig:10)
  18 water elementals
  17 shadows
  3 alligator skeletons
  2 wyverns
  A spriggan (shapeshifter) (Zig:8)
  12 small abominations
  3 ushabtiu (Zig:27)
  27 vampire mosquitoes
  2 basilisks
  5 chaos spawn
  8 golden eyes
  4 hungry ghosts
  6 neqoxecs (Pan)
  14 fire elementals
  A yaktaur simulacrum (Vaults:5)
  A spatial vortex (Dis:3)
  A catoblepas simulacrum (Coc:7)
  A swamp worm (shapeshifter) (Zig:9)
  11 soldier ants
  19 swamp worms
  10 wargs
  6 nagas
  A merfolk zombie (Coc:7)
  3 acid dragons
  A floating eye (Depths:5)
  12 spiny frog zombies
  12 insubstantial wisps
  18 water moccasins
  2 sky beasts
  A deep troll skeleton (Vaults:5)
  35 hell hounds
  A hydra simulacrum (Coc:3)
  7 snapping turtle zombies
  A hornet zombie (Spider:4)
  A floating eye (shapeshifter) (Vaults:2)
  8 porcupines
  A spectral hornet (Spider:4)
  A black bear (shapeshifter) (Vaults:2)
  8 eyes of draining
  42 orc warriors
  3 swamp dragon zombies
  15 swamp drakes
  A manticore zombie (Dis:1)
  11 ice beasts
  A fire dragon simulacrum (Coc:7)
  32 ogres
  6 black bears
  13 boggarts
  An alligator simulacrum (Coc:4)
  2 elf zombies
  An ettin simulacrum (Crypt:3)
  A boggart (shapeshifter) (Zig:25)
  5 phantoms
  A tengu (shapeshifter) (Vaults:2)
  16 wolves (Lair:6)
  10 necrophages
  A snapping turtle skeleton (Coc:7)
  14 centaurs
  14 crocodiles
  A dream sheep skeleton (Crypt:1)
  2 yaktaur zombies
  2 big kobolds (D:7)
  4 earth elementals
  10 bullfrogs
  A cyclops zombie (Crypt:1)
  3 human skeletons
  A deep troll simulacrum (Vaults:3)
  A wyvern skeleton (D:12)
  A scorpion (D:4)
  4 spriggan zombies
  A polar bear zombie (Crypt:2)
  6 killer bees (D:8)
  5 jellies
  2 vampire bats (Lair:6)
  24 wights
  7 electric eels
  2 howler monkeys
  15 crimson imps
  5 centaur zombies
  4 draconian simulacra (IceCv)
  4 quasits
  A soldier ant zombie (Crypt:1)
  3 bullfrog zombies
  A human simulacrum (Vaults:5)
  30 iron imps
  8 hounds
  36 orc priests
  27 orc wizards
  Jessica (D:2)
  A bullfrog skeleton (D:9)
  Natasha (D:2)
  2 iguanas
  A lightning spire (Zig:19)
  A troll simulacrum (IceCv)
  34 worker ants
  A spriggan simulacrum (IceCv)
  A deep dwarf zombie (Crypt:2)
  4 naga zombies
  2 ogre zombies
  A centaur simulacrum (IceCv)
  A tengu skeleton (Dis:7)
  A big kobold skeleton (Crypt:1)
  2 hound skeletons
  21 mummies
  Robin (D:2)
  11 adders
  7 gnolls
  An ogre simulacrum (IceCv)
  2 naga simulacra (IceCv)
  6 shadow imps
  17 white imps
  An ufetubus (Depths:5)
  An adder skeleton (D:5)
  A lava snake skeleton (Crypt:2)
  8 leopard geckos
  110 orcs
  A ball python (D:1)
  6 giant cockroaches
  3 goblins (D:2)
  8 hobgoblins (D:2)
  16 jackals
  18 kobolds
  5 quokkas
  10 bats
  2 frilled lizards
  A jackal skeleton (D:8)
  2 kobold zombies
  A leopard gecko skeleton (D:4)
  An orc skeleton (Crypt:2)
  An orc zombie (Abyss:3)
  2 quokka skeletons
  8 rats
  7 crawling corpses
  2 fire vortices (Pan)
  A fungus (Lair:1)
  2 plants (Zig:11)
  A starspawn tentacle (Abyss:3)
  A tentacle (Coc:6)
4869 creatures vanquished.

Vanquished Creatures (collateral kills)
  An entropy weaver (Zig:21)
1 creature vanquished.

Vanquished Creatures (others)
  An Ice Fiend (Dis:7)
  3 deep elf master archers
  An orc warlord (Zig:12)
  A stone giant (Vaults:3)
  An ironheart preserver (Vaults:4)
  An elemental wellspring (Coc:7)
  A war gargoyle (Dis:7)
  A deep elf death mage (Elf:3)
  3 yaktaur captains
  An ice dragon (Zig:23)
  A vault guard (Vaults:2)
  A dancing weapon (Elf:1)
  A two-headed ogre (Vaults:4)
  2 centaur warriors
  2 deep elf knights
  A soul eater (Depths:3)
  A sea snake (shapeshifter) (Zig:3)
  4 deep trolls (Vaults:4)
  11 deep elf archers
  An ironbrand convoker (Vaults:4)
  An orb spider (Zig:19)
  3 deep elf magi
  A cyclops (Vaults:2)
  A vault sentinel (Vaults:3)
  An efreet (Pan)
  2 tormentors
  15 yaktaurs
  An ancient zyme (Abyss:3)
  2 red devils
  A hornet (Depths:2)
  A blink frog (Abyss:3)
  A redback (Vaults:3)
  A spriggan (Swamp:1)
  2 ynoxinuls (Pan)
  A flying skull (Coc:7)
  A human (Depths:4)
  A golden eye (Slime:3)
  A chaos spawn (Pan)
  An orc warrior (Vaults:5)
  A swamp drake (Swamp:4)
  3 boggarts
  3 centaurs
  An ogre (Vaults:3)
  A howler monkey (shapeshifter) (Vaults:4)
  An orc wizard (Elf:1)
  2 iron imps
  A white imp (Depths:5)
  8 orcs
  3 bushes (Lair:1)
  A crawling corpse (Vaults:4)
  14 fungi
  A lurking horror (Abyss:3)
  48 plants
  A starspawn tentacle (Abyss:3)
  3 tentacles (Coc:6)
169 creatures vanquished.

Grand Total: 5039 creatures vanquished

Notes
Turn   | Place    | Note
-------+----------+-------------------------------------------
     0 | D:1      | Miyamura the Demonspawn Wanderer began the quest for the Orb.
     0 | D:1      | Miyamura set off with: a +2 spear, 2 scrolls of teleportation, a +0 robe, a +0 dagger, a ration
     0 | D:1      | Reached XP level 1. HP: 21/21 MP: 1/1
   436 | D:1      | Gained mutation: You have a pair of small horns on your head. [demonic ancestry]
   436 | D:1      | Reached XP level 2. HP: 27/27 MP: 2/2
  1273 | D:2      | Found an iron altar of Okawaru.
  1274 | D:2      | Noticed Natasha
  1282 | D:2      | Gained mutation: You are frail. (-10% HP) [potion of mutation]
  1282 | D:2      | Gained mutation: You are resistant to hostile enchantments. (MR+) [potion of mutation]
  1286 | D:2      | Noticed a crimson imp
  1301 | D:2      | Noticed a crimson imp
  1304 | D:2      | Killed Natasha
  1304 | D:2      | Reached skill level 1 in Dodging
  1304 | D:2      | Reached skill level 1 in Unarmed Combat
  1304 | D:2      | Reached XP level 3. HP: 16/29 MP: 3/3
  1517 | D:2      | Became a worshipper of Warmaster Okawaru
  1904 | D:2      | Noticed Robin
  1906 | D:2      | Gained mutation: You have a pair of horns on your head. [demonic ancestry]
  1906 | D:2      | Reached XP level 4. HP: 35/35 MP: 4/4
  1911 | D:2      | Killed Robin
  2004 | D:2      | Found a basalt altar of Yredelemnul.
  2081 | D:2      | Noticed Jessica
  2087 | D:2      | Killed Jessica
  2217 | D:3      | Found a shattered altar of Ashenzari.
  2438 | D:3      | Reached XP level 5. HP: 38/39 MP: 5/5
  2563 | D:4      | Reached skill level 1 in Armour
  2633 | D:4      | Reached skill level 1 in Shields
  3112 | D:3      | Reached XP level 6. HP: 35/46 MP: 6/6
  3306 | D:3      | Reached * piety under Okawaru
  3564 | D:3      | Found a hazy altar of Hepliaklqana.
  4153 | D:4      | Found a snail-covered altar of Cheibriados.
  4185 | D:4      | Reached skill level 2 in Shields
  4185 | D:4      | Reached XP level 7. HP: 50/52 MP: 7/7
  4382 | D:5      | Entered Level 5 of the Dungeon
  4457 | D:5      | Found a sacrificial altar of Ru.
  4480 | D:5      | Reached ** piety under Okawaru
  5205 | D:5      | Found Mier's Gadget Emporium.
  5336 | D:5      | Gained mutation: You are slightly more attuned to the shadows. [demonic ancestry]
  5336 | D:5      | Reached XP level 8. HP: 40/58 MP: 8/8
  5637 | D:5      | Reached skill level 3 in Shields
  5990 | D:6      | Found a bloodstained altar of Trog.
  6182 | D:6      | Found a hide-covered altar of Uskayaw.
  7105 | D:6      | Reached *** piety under Okawaru
  7119 | D:6      | Got a steaming war axe
  7120 | D:6      | Identified the +5 war axe "Cysoor" {pain, +Fly rN+ Int-2} (You found it on level 6 of the Dungeon)
  7347 | D:7      | Reached skill level 1 in Axes
  7359 | D:7      | Reached XP level 9. HP: 35/64 MP: 9/9
  7732 | D:7      | Found a staircase to the Ecumenical Temple.
  8206 | D:8      | Received a gift from Okawaru
  8239 | D:8      | Reached skill level 4 in Shields
  9518 | D:9      | Found a staircase to the Orcish Mines.
  9528 | D:9      | Noticed Joseph
  9546 | D:9      | Killed Joseph
  9546 | D:9      | Reached **** piety under Okawaru
  9546 | D:9      | Reached skill level 5 in Dodging
  9839 | D:9      | Reached XP level 10. HP: 56/72 MP: 12/12
  9938 | D:9      | Reached skill level 5 in Unarmed Combat
 10050 | D:9      | Found a staircase to the Lair.
 10415 | D:9      | Reached skill level 5 in Armour
 10567 | D:9      | Found a snail-covered altar of Cheibriados.
 10702 | D:9      | Found a shadowy altar of Dithmenos.
 10893 | Lair:1   | Entered Level 1 of the Lair of Beasts
 10902 | Lair:1   | Reached ***** piety under Okawaru
 11003 | Lair:1   | Got a shimmering ivory ring
 11010 | Lair:1   | Identified the ring of the Amoeba {rC+ Str+5 Dex+4} (You found it on level 1 of the Lair of Beasts)
 11172 | Lair:1   | Reached skill level 5 in Shields
 11350 | Lair:1   | Reached skill level 5 in Axes
 12112 | Lair:1   | Noticed a six-headed hydra
 12120 | Lair:1   | Killed a six-headed hydra
 12120 | Lair:1   | Received a gift from Okawaru
 12120 | Lair:1   | Reached skill level 1 in Invocations
 12121 | Lair:1   | Got distressingly furry pearl dragon scales {god gift}
 12221 | Lair:1   | Gained mutation: Your movements are slightly less encumbered by armour. (ER -2) [demonic ancestry]
 12221 | Lair:1   | Reached XP level 11. HP: 57/78 MP: 14/14
 12403 | Lair:1   | Identified the +10 pearl dragon scales of Inaction {rN+ Int+2 Dex+4} (Okawaru gifted it to you on level 1 of the Lair of Beasts)
 13141 | Lair:2   | Noticed a seven-headed hydra
 13792 | Lair:2   | Reached skill level 6 in Shields
 14045 | Lair:2   | Killed a seven-headed hydra
 14116 | Lair:2   | Found a staircase to the Swamp.
 14149 | Lair:2   | Reached ****** piety under Okawaru
 14229 | Lair:2   | Received a gift from Okawaru
 14277 | Lair:2   | Noticed a death yak
 14314 | Lair:2   | Killed a death yak
 14422 | Lair:2   | Noticed a death yak
 14426 | Lair:2   | Noticed a death yak
 14439 | Lair:2   | Noticed a death yak
 14446 | Lair:2   | Killed a death yak
 14451 | Lair:2   | Killed a death yak
 14451 | Lair:2   | Gained mutation: Your movements are less encumbered by armour. (ER -4) [demonic ancestry]
 14451 | Lair:2   | Reached XP level 12. HP: 85/85 MP: 15/15
 14455 | Lair:2   | Killed a death yak
 15141 | Lair:3   | Noticed a four-headed hydra
 15165 | Lair:3   | Killed a four-headed hydra
 16601 | Lair:4   | Found a hole to the Spider Nest.
 16713 | Lair:4   | Reached skill level 7 in Shields
 17611 | Lair:4   | Received a gift from Okawaru
 17978 | Lair:4   | Reached skill level 10 in Fighting
 18281 | Lair:5   | Noticed an eight-headed hydra
 18289 | Lair:5   | Killed an eight-headed hydra
 18321 | Lair:5   | Noticed Urug
 18344 | Lair:5   | Killed Urug
 18569 | Lair:5   | Gained mutation: Your flesh is cold resistant. (rC+) [demonic ancestry]
 18569 | Lair:5   | Reached XP level 13. HP: 86/92 MP: 16/16
 18618 | Lair:5   | Learned a level 2 spell: Blink
 18919 | Lair:5   | Found a viscous altar of Jiyva.
 18919 | Lair:5   | Found a staircase to the Slime Pits.
 19316 | D:10     | Entered Level 10 of the Dungeon
 19653 | D:10     | Noticed loralnil's ghost (novice MiMo)
 19667 | D:10     | Killed loralnil's ghost
 20292 | D:11     | Got a coiled copper ring
 20293 | D:11     | Identified the ring of Division {*Drain rPois rF+ MR+++ Dex-3} (You found it on level 11 of the Dungeon)
 20804 | D:11     | Reached skill level 8 in Shields
 20986 | D:12     | Reached skill level 10 in Unarmed Combat
 21200 | D:12     | Found a sparkling altar of Nemelex Xobeh.
 21244 | D:12     | Found a frozen archway.
 21273 | IceCv    | Entered an ice cave
 21423 | IceCv    | Received a gift from Okawaru
 21431 | IceCv    | Identified a scroll of acquirement
 21943 | IceCv    | Got a translucent chain mail
 21954 | IceCv    | Identified the +5 chain mail of Owom {rCorr Int+2 Dex+3} (You found it in an ice cave)
 23303 | D:13     | Lost mutation: You are frail. (-10% HP) [potion of mutation]
 23303 | D:13     | Lost mutation: You are resistant to hostile enchantments. (MR+) [potion of mutation]
 23303 | D:13     | Gained mutation: You occasionally shout uncontrollably at your foes. [potion of mutation]
 23303 | D:13     | Gained mutation: Your spells are a little easier to cast, but a little less powerful. [potion of mutation]
 23303 | D:13     | Gained mutation: You are resistant to electric shocks. (rElec) [potion of mutation]
 23303 | D:13     | Gained mutation: You are resistant to hostile enchantments. (MR+) [potion of mutation]
 23527 | D:14     | Found a deep blue altar of Sif Muna.
 23564 | D:14     | Received a gift from Okawaru
 23612 | D:14     | Noticed Agnes
 23634 | D:14     | Killed Agnes
 23661 | D:14     | Noticed Nessos
 23666 | D:14     | Noticed Nessos
 23666 | D:14     | Nessos changed into Nessos the mana viper
 23682 | D:14     | Killed Nessos the mana viper
 24145 | D:14     | Gained mutation: Your movements are significantly less encumbered by armour. (ER -6) [demonic ancestry]
 24145 | D:14     | Reached XP level 14. HP: 99/113 MP: 17/17
 24146 | D:14     | Found a gate to the Vaults.
 24646 | D:15     | Entered Level 15 of the Dungeon
 24678 | D:15     | Noticed Louise
 24708 | D:15     | Killed Louise
 24847 | D:15     | Found Wirroagh's Weapon Shoppe.
 24850 | D:15     | Noticed Rupert
 24862 | D:15     | Noticed Rupert
 24862 | D:15     | Rupert changed into Rupert the stone giant
 24872 | D:15     | Killed Rupert the stone giant
 24872 | D:15     | Reached skill level 9 in Shields
 25474 | D:15     | Received a gift from Okawaru
 25656 | D:15     | Found a staircase to the Depths.
 26319 | Orc:1    | Entered Level 1 of the Orcish Mines
 26319 | Orc:1    | Noticed Monsterracer's ghost (journeyman DDFi)
 26612 | Orc:1    | Killed Monsterracer's ghost
 26986 | Orc:2    | Entered Level 2 of the Orcish Mines
 27548 | Orc:2    | Found Sifude's Food Shoppe.
 27548 | Orc:2    | Found Xyluurioll's Jewellery Shop.
 27566 | Orc:2    | Bought a cursed ring of teleportation for 58 gold pieces
 27693 | Orc:2    | Found a staircase to the Elven Halls.
 28381 | Orc:2    | Found Xicir's Distillery.
 28578 | Orc:2    | Found a roughly hewn altar of Beogh.
 28629 | Orc:2    | Found Nenak's Jewellery Shoppe.
 28629 | Orc:2    | Found Tuokud's Antique Armour Shop.
 28634 | Orc:2    | Bought a cursed ring of loudness for 45 gold pieces
 28815 | Swamp:1  | Entered Level 1 of the Swamp
 28879 | Lair:6   | Entered Level 6 of the Lair of Beasts
 29036 | Lair:6   | Gained mutation: You have a pair of large horns on your head. [demonic ancestry]
 29036 | Lair:6   | Reached XP level 15. HP: 119/120 MP: 18/18
 29036 | Lair:6   | Reached skill level 10 in Dodging
 29063 | Lair:6   | Received a gift from Okawaru
 29149 | Lair:6   | Identified a +0 pair of boots of running (Okawaru gifted it to you on level 6 of the Lair of Beasts)
 29153 | Lair:6   | Reached skill level 10 in Armour
 29396 | Lair:6   | Noticed Snorg
 29425 | Lair:6   | Killed Snorg
 29675 | Lair:6   | Reached skill level 10 in Shields
 30542 | Elf:1    | Entered Level 1 of the Elven Halls
 30986 | Elf:1    | Received a gift from Okawaru
 31330 | Elf:1    | Found a portal to a secret trove of treasure.
 31897 | Elf:2    | Noticed Asterion
 32506 | Elf:1    | Gained mutation: You are robust. (+10% HP) [demonic ancestry]
 32506 | Elf:1    | Reached XP level 16. HP: 82/141 MP: 19/19
 34535 | Swamp:1  | Received a gift from Okawaru
 34736 | Swamp:2  | Reached skill level 11 in Shields
 34746 | Swamp:2  | Paralysed by a hornet for 3 turns
 34938 | Swamp:2  | Received a gift from Okawaru
 35054 | Swamp:2  | Learned a level 3 spell: Lesser Beckoning
 37142 | Swamp:4  | Entered Level 4 of the Swamp
 37307 | Swamp:4  | Found the +10 large shield of Ignorance {rN+ Int-4}
 38037 | Swamp:4  | Noticed the 27-headed Lernaean hydra
 38048 | Swamp:4  | Killed the 27-headed Lernaean hydra
 38053 | Swamp:4  | Gained mutation: You are significantly more attuned to the shadows. [demonic ancestry]
 38053 | Swamp:4  | Reached XP level 17. HP: 68/150 MP: 20/20
 38062 | Swamp:4  | Received a gift from Okawaru
 38116 | Swamp:4  | Got a bronze scale mail {god gift}
 38333 | Swamp:4  | Identified the +3 scale mail of Totue {rC+ Str+2} (Okawaru gifted it to you on level 4 of the Swamp)
 38412 | Swamp:4  | Got a decaying rune of Zot
 38650 | Swamp:4  | Reached skill level 15 in Unarmed Combat
 39103 | Spider:1 | Entered Level 1 of the Spider Nest
 40246 | Spider:1 | Noticed Donald
 40261 | Spider:1 | Killed Donald
 40960 | Spider:2 | Reached skill level 12 in Shields
 40999 | Spider:2 | Received a gift from Okawaru
 42113 | Spider:3 | Got an ichor-stained dagger
 42114 | Spider:3 | Identified the +6 dagger "Fojap" {pierce, MP+9} (You found it on level 3 of the Spider Nest)
 42374 | Spider:3 | Gained mutation: You are immune to freezing clouds. [demonic ancestry]
 42374 | Spider:3 | Reached XP level 18. HP: 130/160 MP: 21/21
 42936 | Spider:4 | Entered Level 4 of the Spider Nest
 42946 | Spider:4 | Received a gift from Okawaru
 44035 | Spider:4 | Received a gift from Okawaru
 44718 | Spider:4 | Got a gossamer rune of Zot
 45572 | Elf:1    | Killed Asterion
 46527 | Elf:2    | Received a gift from Okawaru
 46530 | Elf:2    | Got a heavily runed cloak {god gift}
 46531 | Elf:2    | Identified the +4 cloak "Coociarph" {rN+} (Okawaru gifted it to you on level 2 of the Elven Halls)
 46549 | Elf:2    | Found a huge runed gate.
 46549 | Elf:2    | Found a huge runed gate.
 46549 | Elf:2    | Found a huge runed gate.
 46549 | Elf:2    | Found a huge runed gate.
 46549 | Elf:2    | Found a huge runed gate.
 46961 | Elf:2    | Reached XP level 19. HP: 169/169 MP: 22/22
 47386 | Elf:3    | Entered Level 3 of the Elven Halls
 47779 | Elf:3    | Reached skill level 13 in Shields
 47922 | Elf:3    | Found Keexod's Jewellery Shoppe.
 47937 | Elf:3    | Bought the ring of the Lizard {+Inv rElec Str+6 SInv} for 1339 gold pieces
 48048 | Elf:3    | Reached skill level 15 in Fighting
 48436 | Elf:3    | Cast into level 3 of the Abyss (deep elf elementalist)
 48454 | Abyss:3  | Got a polished hand crossbow
 48455 | Abyss:3  | Identified the +10 hand crossbow of the Asp {freeze, Int+3} (You found it on level 3 of the Abyss)
 48521 | Abyss:3  | Paralysed by accursed screaming for 1 turns
 48626 | Abyss:3  | Received a gift from Okawaru
 48881 | Abyss:3  | Noticed a hellephant
 48960 | Abyss:3  | Noticed a profane servitor
 49165 | Elf:3    | Escaped the Abyss
 49187 | Elf:3    | Received a gift from Okawaru
 49252 | Elf:3    | Got a fine amber ring
 49380 | Elf:3    | Noticed a Tzitzimitl
 49956 | Elf:3    | Identified the ring "Suwom" {-Tele rF+++ MR+ Dex+6} (You took it off a deep elf blademaster on level 3 of the Elven Halls)
 49985 | Elf:3    | Got a vibrating copper ring
 50008 | Elf:3    | Identified the ring of Ulungiciugg {+Inv rElec Int+4 Slay+2} (You took it off a deep elf death mage on level 3 of the Elven Halls)
 50022 | Elf:3    | Got a transparent long sword {slice}
 50046 | Elf:3    | Identified the +10 long sword of Dokhlugel {slice, rN+} (You took it off a deep elf sorcerer on level 3 of the Elven Halls)
 50158 | Elf:3    | Learned a level 6 spell: Statue Form
 50171 | Elf:3    | Learned a level 3 spell: Regeneration
 50225 | Elf:3    | Got a slimy leather armour
 50226 | Elf:3    | Identified the +2 leather armour of Insurance {rPois MR+ Stlth+} (You took it off a deep elf sorcerer on level 3 of the Elven Halls)
 50256 | Elf:3    | Got an ominously black robe
 50267 | Elf:3    | Identified the +0 robe of the Grue {Str+7} (You found it on level 3 of the Elven Halls)
 50611 | Depths:1 | Entered Level 1 of the Depths
 50644 | Depths:1 | Reached skill level 1 in Crossbows
 50822 | Depths:1 | Noticed a lich
 50839 | Depths:1 | Killed a lich
 50839 | Depths:1 | Reached XP level 20. HP: 65/179 MP: 16/23
 51114 | Depths:1 | Reached skill level 5 in Crossbows
 51138 | Depths:1 | Received a gift from Okawaru
 52937 | Depths:1 | Found a gateway to Hell.
 53026 | Depths:1 | Received a gift from Okawaru
 53257 | Depths:1 | Found a one-way gate to the infinite horrors of the Abyss.
 54293 | Depths:2 | Received a gift from Okawaru
 54439 | Depths:2 | Received a gift from Okawaru
 54467 | Depths:2 | Noticed Nikola
 54503 | Depths:2 | Reached skill level 10 in Crossbows
 54507 | Depths:2 | Killed Nikola
 55416 | Depths:2 | Reached skill level 1 in Transmutations
 55416 | Depths:2 | Reached skill level 1 in Earth Magic
 55560 | Depths:2 | Paralysed by a floating eye for 2 turns
 56062 | Depths:2 | Found a bloodstained altar of Trog.
 56078 | Depths:2 | Reached skill level 1 in Spellcasting
 56252 | Depths:2 | Received a gift from Okawaru
 56308 | Depths:2 | Received a gift from Okawaru
 56500 | Depths:2 | Got an iridescent giant club {crush}
 56500 | Depths:2 | Got a slimy giant club {venom}
 56501 | Depths:2 | Identified the +3 giant club of Peqegifi {crush, +Inv rPois rF+++ Str-5} (You took it off an ettin on level 2 of the Depths)
 56502 | Depths:2 | Identified the cursed +5 giant club of Xaofaxun {venom, rElec SInv} (You took it off an ettin on level 2 of the Depths)
 56651 | Depths:2 | Received a gift from Okawaru
 56813 | Depths:2 | Noticed the Enchantress
 56846 | Depths:2 | Killed the Enchantress
 56892 | Depths:2 | Got faerie dragon scales
 56903 | Depths:2 | Identified the +4 faerie dragon scales {+Blink rC- rCorr Dex+6} (You took it off the Enchantress on level 2 of the Depths)
 57158 | Depths:3 | Reached XP level 21. HP: 174/185 MP: 24/24
 57397 | Depths:3 | Found a large runed door.
 57397 | Depths:3 | Found a large runed door.
 57722 | Depths:3 | Found a one-way gate leading to the halls of Pandemonium.
 57751 | Depths:3 | Found a gateway to a ziggurat.
 57770 | Depths:3 | Reached skill level 5 in Earth Magic
 57773 | Depths:3 | Reached skill level 5 in Transmutations
 58811 | Depths:3 | Received a gift from Okawaru
 59250 | Depths:4 | Received a gift from Okawaru
 59297 | Depths:4 | Found a corrupted altar of Lugonu.
 59604 | Depths:4 | Noticed Sojobo
 59988 | Depths:4 | Killed Sojobo
 59988 | Depths:4 | Reached skill level 5 in Spellcasting
 60449 | Depths:4 | Found a runed door.
 60606 | Depths:4 | Noticed an ancient lich
 60625 | Depths:4 | Killed an ancient lich
 60625 | Depths:4 | Received a gift from Okawaru
 61093 | Depths:4 | Identified the ring of Geuram {Wiz Dex+5 SInv} (You found it on level 4 of the Depths)
 61113 | Depths:4 | Found the ring of Robustness {AC+8}
 61404 | Depths:5 | Entered Level 5 of the Depths
 61535 | Depths:5 | Found a hide-covered altar of Uskayaw.
 61545 | Depths:5 | Found Ukaoch's Gadget Shoppe.
 61619 | Depths:5 | Reached XP level 22. HP: 101/193 MP: 29/31
 61989 | Depths:5 | Found a gate to the Realm of Zot.
 62181 | Depths:5 | Paralysed by a floating eye for 2 turns
 62902 | Depths:5 | Received a gift from Okawaru
 63204 | Depths:5 | Got a bloodstained great sword
 63205 | Depths:5 | Identified the +10 great sword of Regicide {vamp, rF+ rC+} (You found it on level 5 of the Depths)
 63664 | Vaults:1 | Entered Level 1 of the Vaults
 63863 | Vaults:1 | Found Mush's Antique Weapon Emporium.
 63873 | Vaults:1 | Bought an ichor-stained scimitar for 270 gold pieces
 63873 | Vaults:1 | Bought a bone spear for 240 gold pieces
 63874 | Vaults:1 | Identified the cursed +1 scimitar of Pride {freeze, rElec rPois Str-4 Int+7} (You bought it in a shop on level 1 of the Vaults)
 63877 | Vaults:1 | Identified the cursed +2 spear "Ucwitryd" {flame, Int+4} (You bought it in a shop on level 1 of the Vaults)
 63924 | Vaults:1 | Noticed Saint Roka
 63926 | Vaults:1 | Reached skill level 10 in Earth Magic
 63958 | Vaults:1 | Killed Saint Roka
 63958 | Vaults:1 | Reached skill level 10 in Transmutations
 63983 | Vaults:1 | Gained mutation: You are clumsy. (Dex -2) [mutagenic glow]
 64148 | Vaults:1 | Lost mutation: You are resistant to electric shocks. (rElec) [potion of mutation]
 64148 | Vaults:1 | Lost mutation: You are clumsy. (Dex -2) [potion of mutation]
 64148 | Vaults:1 | Gained mutation: Scrolls take you a little longer to read. [potion of mutation]
 64148 | Vaults:1 | Lost mutation: Scrolls take you a little longer to read. [potion of mutation]
 64148 | Vaults:1 | Gained mutation: You are somewhat resistant to further mutation. [potion of mutation]
 64446 | Vaults:1 | Received a gift from Okawaru
 65121 | D:9      | Fell from the grace of Okawaru
 65121 | D:9      | Became a worshipper of Cheibriados the Contemplative
 65787 | Vaults:1 | Reached * piety under Cheibriados
 66983 | Vaults:2 | Reached ** piety under Cheibriados
 67624 | Vaults:2 | Got an ancient rapier {venom}
 67625 | Vaults:2 | Identified the +9 rapier of Xeniuci {venom, Int+3} (You took it off a fire giant on level 2 of the Vaults)
 68776 | Vaults:3 | Reached *** piety under Cheibriados
 68845 | Vaults:3 | Gained mutation: A meltable icy envelope protects you from harm. (AC +10) [demonic ancestry]
 68845 | Vaults:3 | Reached XP level 23. HP: 200/200 MP: 28/35
 68945 | Vaults:3 | Noticed Frederick
 68955 | Vaults:3 | Killed Frederick
 69025 | Vaults:3 | Reached **** piety under Cheibriados
 69136 | Vaults:3 | Found a staircase to the Crypt.
 69524 | Vaults:3 | Noticed Xtahua
 69532 | Vaults:3 | Killed Xtahua
 69698 | Vaults:3 | Reached ***** piety under Cheibriados
 69739 | Vaults:3 | Found Gaquen's Antique Weapon Emporium.
 71282 | Vaults:4 | Found a flickering gateway to a bazaar.
 71287 | Bazaar   | Entered a bazaar
 71334 | Bazaar   | Found Hachiuw's Food Shoppe.
 71334 | Bazaar   | Found Vennetou's Distillery.
 71415 | Bazaar   | Found Laofra's Weapon Shoppe.
 71431 | Bazaar   | Found Wuing's Antique Armour Emporium.
 71433 | Bazaar   | Bought a potion of brilliance for 44 gold pieces
 71433 | Bazaar   | Bought a potion of curing for 33 gold pieces
 71433 | Bazaar   | Bought a potion of magic for 88 gold pieces
 71433 | Bazaar   | Bought a potion of mutation for 88 gold pieces
 71433 | Bazaar   | Bought a potion of lignification for 33 gold pieces
 71433 | Bazaar   | Bought a potion of curing for 33 gold pieces
 71433 | Bazaar   | Bought a potion of brilliance for 44 gold pieces
 71433 | Bazaar   | Bought a potion of might for 44 gold pieces
 71433 | Bazaar   | Bought a potion of curing for 33 gold pieces
 71812 | Vaults:4 | Was forgiven by Okawaru
 72091 | Vaults:4 | Reached ****** piety under Cheibriados
 72568 | Vaults:4 | Reached skill level 5 in Invocations
 72912 | Vaults:4 | Got an ichor-stained quarterstaff
 72913 | Vaults:4 | Identified the +4 quarterstaff "Ynaf" {protect, rF+} (You found it on level 4 of the Vaults)
 72928 | Vaults:5 | Entered Level 5 of the Vaults
 73002 | Vaults:4 | Gained mutation: You are completely attuned to the shadows. [demonic ancestry]
 73002 | Vaults:4 | Reached XP level 24. HP: 207/207 MP: 30/36
 73091 | Vaults:4 | Reached skill level 10 in Invocations
 73362 | Vaults:5 | Reached skill level 14 in Shields
 73667 | Vaults:4 | Reached skill level 15 in Shields
 74259 | Vaults:5 | Noticed an ancient lich
 74266 | Vaults:4 | Reached skill level 16 in Shields
 74560 | Vaults:5 | Killed an ancient lich
 74844 | Vaults:5 | Reached skill level 17 in Shields
 75001 | Vaults:5 | Got a crude halberd {flame}
 75002 | Vaults:5 | Identified the +8 halberd "Jovec" {flame, +Rage} (You took it off a tengu reaver on level 5 of the Vaults)
 75115 | Vaults:5 | Got a pitted plate armour
 75116 | Vaults:5 | Identified the cursed +1 plate armour of Optimism {rF- rC+++ Regen+ Slay-3} (You found it on level 5 of the Vaults)
 75119 | Vaults:5 | Identified Sif Muna's Disquisition on Conjuration and the Voyage
 75221 | Vaults:5 | Got a silver rune of Zot
 75437 | Vaults:5 | Reached XP level 25. HP: 205/214 MP: 36/36
 76002 | Orc:2    | Bought an uncursed amulet of regeneration for 390 gold pieces
 76305 | Slime:1  | Entered Level 1 of the Pits of Slime
 76688 | Slime:2  | Reached skill level 18 in Shields
 76889 | Slime:5  | Entered Level 5 of the Pits of Slime
 76894 | Slime:5  | Gained mutation: You do not regenerate when monsters are visible. [a shining eye]
 76896 | Slime:5  | Gained mutation: You sometimes yell uncontrollably at your foes. [a shining eye]
 76953 | Slime:5  | Lost mutation: You are somewhat resistant to further mutation. [potion of mutation]
 76953 | Slime:5  | Lost mutation: You sometimes yell uncontrollably at your foes. [potion of mutation]
 76953 | Slime:5  | Lost mutation: You do not regenerate when monsters are visible. [potion of mutation]
 76953 | Slime:5  | Lost mutation: You occasionally shout uncontrollably at your foes. [potion of mutation]
 76953 | Slime:5  | Gained mutation: You are occasionally teleported next to monsters. [potion of mutation]
 76953 | Slime:5  | Gained mutation: Your mind is acute. (Int +2) [potion of mutation]
 77048 | Slime:5  | Noticed the Royal Jelly
 77407 | Slime:5  | Killed the Royal Jelly
 77469 | Slime:5  | Reached skill level 19 in Shields
 77568 | Slime:5  | Got a pair of slimy boots
 77569 | Slime:5  | Identified the +5 pair of boots "Ceisacw" {rF+ Int+6} (You found it on level 5 of the Pits of Slime)
 77581 | Slime:5  | Identified Sif Muna's Collected Works on the Torrid Birds
 77615 | Slime:5  | Got a slimy rune of Zot
 77732 | Slime:5  | Got a crystal longbow
 77734 | Slime:5  | Identified the +8 longbow of Balance {velocity, *Drain rPois MR++ Str+4} (You found it on level 5 of the Pits of Slime)
 78054 | D:5      | Bought a phantom mirror for 300 gold pieces
 78054 | D:5      | Bought a wand of clouds (5) for 270 gold pieces
 78054 | D:5      | Bought a sack of spiders for 200 gold pieces
 78460 | Depths:4 | Learned a level 8 spell: Necromutation
 78773 | Lair:1   | Learned a level 6 spell: Freezing Cloud
 78929 | Elf:3    | Bought an uncursed ring of resist corrosion for 320 gold pieces
 79359 | Zot:1    | Entered Level 1 of the Realm of Zot
 79360 | Zot:1    | Lost mutation: Your mind is acute. (Int +2) [potion of mutation]
 79360 | Zot:1    | Gained mutation: You are somewhat resistant to further mutation. [potion of mutation]
 79397 | Zot:1    | Reached skill level 1 in Necromancy
 79488 | Zot:1    | Reached skill level 10 in Spellcasting
 79716 | Zot:1    | Reached skill level 5 in Necromancy
 80817 | Zot:2    | Gained mutation: You are very robust. (+20% HP) [demonic ancestry]
 80817 | Zot:2    | Reached XP level 26. HP: 214/242 MP: 37/37
 81064 | Zot:2    | Noticed an orb of fire
 81073 | Zot:2    | Gained mutation: You are weak. (Str -2) [an orb of fire]
 81080 | Zot:2    | Killed an orb of fire
 81371 | Zot:2    | Reached skill level 10 in Necromancy
 81471 | Zot:2    | Found a transporter.
 81897 | Zot:2    | Got a faintly glowing copper ring
 81900 | Zot:2    | Found a transporter.
 81942 | Zot:2    | Got a fine pewter amulet
 81943 | Zot:2    | Identified the amulet "Entaet" {Reflect rElec rC- SH+4 Stlth+} (You found it on level 2 of the Realm of Zot)
 81944 | Zot:2    | Identified the ring "Jerch" {rPois rC+ MR+ EV+5} (You took it off a red draconian on level 2 of the Realm of Zot)
 82164 | Zot:3    | Noticed an orb of fire
 82165 | Zot:3    | Gained mutation: You have large cloven feet. [an orb of fire]
 82172 | Zot:3    | Killed an orb of fire
 83513 | Zot:4    | Reached skill level 15 in Transmutations
 84159 | Zot:5    | Entered Level 5 of the Realm of Zot
 84629 | Lair:1   | Learned a level 8 spell: Controlled Blink
 84639 | Lair:1   | Learned a level 9 spell: Tornado
 84921 | Crypt:1  | Entered Level 1 of the Crypt
 85036 | Crypt:1  | Gained mutation: You are extremely robust. (+30% HP) [demonic ancestry]
 85036 | Crypt:1  | Reached XP level 27. HP: 242/270 MP: 37/39
 85909 | Crypt:2  | Noticed Margery
 85925 | Crypt:2  | Killed Margery
 86125 | Crypt:2  | Noticed Boris
 86135 | Crypt:2  | Killed Boris
 86328 | Crypt:2  | Found an ancient bone altar of Kikubaaqudgha.
 86518 | Crypt:2  | Noticed Jorgrun
 86521 | Crypt:2  | Reached skill level 15 in Necromancy
 86535 | Crypt:2  | Killed Jorgrun
 86903 | Crypt:3  | Entered Level 3 of the Crypt
 87303 | Crypt:3  | Found a staircase to the Tomb.
 87303 | Crypt:3  | Noticed Khufu
 87328 | Crypt:3  | Killed Khufu
 87398 | Crypt:3  | Got an ancient golden ring
 87398 | Crypt:3  | Got a translucent bronze ring
 87423 | Crypt:3  | Identified the ring "Deodetoi" {rPois rN+} (You found it on level 3 of the Crypt)
 87424 | Crypt:3  | Identified the ring "Vaozxefi" {-Tele rPois rN+ Int+7 Stlth+} (You found it on level 3 of the Crypt)
 87536 | Crypt:3  | Found a basalt altar of Yredelemnul.
 88582 | Hell     | Entered the Vestibule of Hell
 88584 | Hell     | Noticed Geryon
 88826 | Hell     | Killed Geryon
 88942 | Hell     | Noticed Murray
 88959 | Hell     | Killed Murray
 89049 | Hell     | Found a gateway to the ashen valley of Gehenna.
 89258 | Hell     | Found a gateway to the freezing wastes of Cocytus.
 89521 | Hell     | Found a gateway to the Iron City of Dis.
 89669 | Hell     | Found a gateway to the decaying netherworld of Tartarus.
 89724 | Coc:1    | Entered Level 1 of Cocytus
 90702 | Coc:6    | Reached skill level 15 in Spellcasting
 90726 | Coc:7    | Entered Level 7 of Cocytus
 90862 | Coc:7    | Got a warped golden amulet
 90863 | Coc:7    | Identified the amulet "Deprug" {Harm *Drain rPois MR+ Dex+3} (You found it on level 7 of Cocytus)
 90871 | Coc:7    | Identified the Compendium of Enchantment
 91691 | Coc:7    | Noticed Antaeus
 92269 | Coc:7    | Killed Antaeus
 92339 | Coc:7    | Got an icy rune of Zot
 92437 | Dis:1    | Entered Level 1 of the Iron City of Dis
 92527 | Dis:1    | Noticed inmateoo's ghost (journeyman DDFi)
 92605 | Dis:1    | Reached skill level 20 in Shields
 92672 | Dis:1    | Killed inmateoo's ghost
 93401 | Dis:3    | Reached skill level 21 in Shields
 94542 | Dis:4    | Reached skill level 22 in Shields
 94747 | Dis:7    | Entered Level 7 of the Iron City of Dis
 94777 | Dis:7    | Noticed happinesssam's ghost (legendary GrGl)
 95058 | Dis:7    | Reached skill level 23 in Shields
 95530 | Dis:7    | Noticed the Serpent of Hell
 95539 | Dis:7    | Reached skill level 24 in Shields
 95585 | Dis:7    | HP: 13/270 [iron dragon[the Serpent of Hell] (8)]
 95586 | Dis:7    | HP: 1/270 [the Serpent of Hell (9)]
 96004 | Dis:7    | Killed happinesssam's ghost
 96246 | Dis:7    | Killed the Serpent of Hell
 96503 | Dis:7    | Reached skill level 25 in Shields
 96674 | Dis:7    | Noticed Dispater
 96700 | Dis:7    | Killed Dispater
 96786 | Dis:7    | Identified the Almanac of the Displaced Birds
 96806 | Dis:7    | Learned a level 6 spell: Deflect Missiles
 96814 | Dis:7    | Got an iron rune of Zot
 96816 | Dis:7    | Got a pair of ichor-stained boots
 96827 | Dis:7    | Identified the cursed +0 pair of boots "Ydoick" {rC+ Dex+3} (You found it on level 7 of the Iron City of Dis)
 96869 | Dis:7    | Reached skill level 1 in Air Magic
 97176 | Pan      | Entered Pandemonium
 97214 | Pan      | Noticed Ejistrocw the pandemonium lord
 97223 | Pan      | Killed Ejistrocw the pandemonium lord
 97535 | Pan      | Reached skill level 5 in Air Magic
 97693 | Pan      | Found an exit through the horrors of the Abyss.
 98169 | Pan      | Found an exit through the horrors of the Abyss.
 98629 | Pan      | Noticed Zyaph the pandemonium lord
 98662 | Pan      | Killed Zyaph the pandemonium lord
 98679 | Pan      | Gained mutation: You expend magic power (3 MP) to strengthen your wands. [a cacodemon]
 98816 | Pan      | Lost mutation: You are somewhat resistant to further mutation. [potion of mutation]
 98816 | Pan      | Lost mutation: You are resistant to hostile enchantments. (MR+) [potion of mutation]
 98816 | Pan      | Lost mutation: You expend magic power (3 MP) to strengthen your wands. [potion of mutation]
 98816 | Pan      | Lost mutation: You are weak. (Str -2) [potion of mutation]
 98816 | Pan      | Gained mutation: You expend magic power (3 MP) to strengthen your wands. [potion of mutation]
 98816 | Pan      | Gained mutation: You possess an exceptional clarity of mind. [potion of mutation]
 99124 | Pan      | Gained mutation: You are dopey. (Int -2) [a cacodemon]
 99142 | Pan      | Lost mutation: You are occasionally teleported next to monsters. [potion of mutation]
 99142 | Pan      | Gained mutation: Potions are less effective at restoring your health. [potion of mutation]
 99142 | Pan      | Gained mutation: Your muscles are strong. (Str +2) [potion of mutation]
 99143 | Pan      | Lost mutation: You are dopey. (Int -2) [potion of mutation]
 99143 | Pan      | Lost mutation: Your muscles are strong. (Str +2) [potion of mutation]
 99143 | Pan      | Lost mutation: You have large cloven feet. [potion of mutation]
 99143 | Pan      | Gained mutation: Your spells are easier to cast, but less powerful. [potion of mutation]
 99143 | Pan      | Gained mutation: You are covered in fur. (AC +1) [potion of mutation]
 99143 | Pan      | Gained mutation: You passively map a small area around you. [potion of mutation]
 99194 | Pan      | Reached skill level 10 in Air Magic
 99422 | Pan      | Noticed Geuhabb the pandemonium lord
 99441 | Pan      | Killed Geuhabb the pandemonium lord
100249 | Pan      | Entered the realm of Cerebov.
100270 | Pan      | Got a clouded silver ring
100276 | Pan      | Identified the ring "Udwonyujir" {*Tele *Corrode *Slow rPois Dex+3} (You found it in Pandemonium)
100312 | Pan      | Got a pair of jewelled boots
100325 | Pan      | Identified the +1 pair of boots of the Earth {+Blink rPois Int+4} (You acquired it in Pandemonium)
100630 | Pan      | Got a coiled jade ring
100634 | Pan      | Identified the ring "Neuduadu" {rF+ rN+ Int+3 Dex+6} (You found it in Pandemonium)
100749 | Pan      | Got a translucent plate armour
100760 | Pan      | Identified the +7 plate armour "Paukuhaw" {Dex+2} (You found it in Pandemonium)
100806 | Pan      | Identified Sif Muna's Compendium of Arcane Weapons and Cold
101220 | Pan      | Noticed Cerebov
102481 | Pan      | Killed Cerebov
102528 | Pan      | Got a fiery rune of Zot
102554 | Pan      | Got a slimy plate armour
102565 | Pan      | Identified the cursed +0 plate armour "Jeshu" {+Blink rC- Int+7} (You found it in Pandemonium)
102804 | Pan      | Reached skill level 15 in Air Magic
103112 | Depths:5 | Escaped Pandemonium
103206 | Zig:1    | Entered Level 1 of a ziggurat
103225 | Zig:2    | Entered Level 2 of a ziggurat
103247 | Zig:2    | Got a blackened crystal plate armour
103261 | Zig:2    | Identified the +3 crystal plate armour "Teodefoh" {Regen+} (You found it on level 2 of a ziggurat)
103276 | Zig:3    | Entered Level 3 of a ziggurat
103316 | Zig:4    | Entered Level 4 of a ziggurat
103377 | Zig:4    | Got a slimy battleaxe
103378 | Zig:4    | Identified the +7 battleaxe "Gulues" {drain, -Tele rC+ rN+ Str+4} (You found it on level 4 of a ziggurat)
103382 | Zig:5    | Entered Level 5 of a ziggurat
103472 | Zig:6    | Entered Level 6 of a ziggurat
103626 | Zig:6    | Got a flickering sapphire amulet
103636 | Zig:6    | Got an encrusted hunting sling
103637 | Zig:6    | Identified the cursed +2 hunting sling "Pielityu" {venom, rC+ rN+} (You found it on level 6 of a ziggurat)
103651 | Zig:7    | Entered Level 7 of a ziggurat
103662 | Zig:7    | Noticed Doify the pandemonium lord
103677 | Zig:7    | Paralysed by a floating eye for 2 turns
103680 | Zig:7    | Found the +8 mithril axe "Arga" {speed, MR+}
103680 | Zig:7    | Found the cursed +14 obsidian axe {chop, +Fly SInv *Curse}
103697 | Zig:7    | Paralysed by a floating eye for 2 turns
103708 | Zig:7    | Paralysed by a floating eye for 2 turns
103715 | Zig:7    | Paralysed by a floating eye for 4 turns
103730 | Zig:7    | Killed Doify the pandemonium lord
103866 | Zig:8    | Entered Level 8 of a ziggurat
103914 | Zig:8    | Identified the amulet "Nouruq" {Reflect rElec rF+ Slay-4 SH+3} (You found it on level 6 of a ziggurat)
103925 | Zig:9    | Entered Level 9 of a ziggurat
103963 | Zig:9    | Got a steaming platinum ring
103968 | Zig:9    | Identified the Reference Book on Calling and Bewitchment
103982 | Zig:10   | Entered Level 10 of a ziggurat
104070 | Zig:11   | Entered Level 11 of a ziggurat
104208 | Zig:11   | Got a wavering lead ring
104241 | Zig:11   | Identified the ring of the Invisible Princes {rPois rC+ rN+ MR- Slay+3} (You found it on level 11 of a ziggurat)
104244 | Zig:11   | Identified the ring of Okeas {+Inv rF+ Slay+3} (You found it on level 9 of a ziggurat)
104253 | Zig:12   | Entered Level 12 of a ziggurat
104267 | Zig:12   | Noticed an ancient lich
104280 | Zig:12   | Killed an ancient lich
104312 | Zig:12   | Identified Guki's Disquisition on Creative Boosts
104336 | Zig:13   | Entered Level 13 of a ziggurat
104432 | Zig:13   | Identified the Disquisition on Fiery Aid
104435 | Zig:13   | Got a coiled wooden ring
104437 | Zig:13   | Identified the ring of Inub Cul {*Slow rPois MR+ Str+5} (You found it on level 13 of a ziggurat)
104451 | Zig:13   | Identified the Papyrus of Stones
104457 | Zig:13   | Identified the Grimoire of the Mountains
104478 | Zig:14   | Entered Level 14 of a ziggurat
104550 | Zig:14   | Got an encrusted battleaxe
104551 | Zig:14   | Identified the +5 battleaxe of Discretion {vamp, +Blink rF+ Int+7} (You found it on level 14 of a ziggurat)
104560 | Zig:15   | Entered Level 15 of a ziggurat
104664 | Zig:15   | Identified the Tome of Fetching Transformation
104666 | Zig:15   | Identified the Incunabulum of Enhancements
104674 | Zig:15   | Got a shimmering pewter ring
104675 | Zig:15   | Identified the ring "Jod Siet" {Fire Int+5 Stlth-} (You found it on level 15 of a ziggurat)
104691 | Zig:16   | Entered Level 16 of a ziggurat
104846 | Zig:17   | Entered Level 17 of a ziggurat
104863 | Zig:17   | Noticed Dijuenua the pandemonium lord
104878 | Zig:17   | Killed Dijuenua the pandemonium lord
105099 | Zig:18   | Entered Level 18 of a ziggurat
105229 | Zig:18   | Got a pitted flail
105230 | Zig:18   | Identified the +7 flail "Weha" {protect, rF+ Str+4} (You found it on level 18 of a ziggurat)
105243 | Zig:19   | Entered Level 19 of a ziggurat
105330 | Zig:19   | Found the +8 trident of the Octopus King {venom, rElec rPois MR+}
105424 | Zig:20   | Entered Level 20 of a ziggurat
105480 | Zig:20   | Found the steaming robe
105488 | Zig:20   | Got a pitted great sword
105492 | Zig:20   | Identified the Volume of Glacial Envenoming
105496 | Zig:20   | Got a vibrating brass ring
105498 | Zig:20   | Identified the ring "Quisiy" {Wiz rElec rF- rN+ MR++} (You found it on level 20 of a ziggurat)
105521 | Zig:21   | Entered Level 21 of a ziggurat
105822 | Zig:21   | Got a crystal broad axe
105823 | Zig:21   | Identified the +1 broad axe of Beogh {antimagic, +Blink rC- Stlth+} (You found it on level 21 of a ziggurat)
105893 | Zig:21   | Got a clouded platinum amulet
105946 | Zig:22   | Entered Level 22 of a ziggurat
105974 | Zig:22   | Reached skill level 15 in Dodging
106009 | Zig:22   | Found the +8 whip "Snakebite" {curare, rPois}
106044 | Zig:22   | Got a bound silver ring
106046 | Zig:22   | Identified the ring "Sanosin" {AC+5 Dex+3} (You found it on level 22 of a ziggurat)
106052 | Zig:22   | Got a crude golden ring
106054 | Zig:22   | Identified the ring of Zosmohem {-Tele rElec Int+2 Stlth-} (You found it on level 22 of a ziggurat)
106067 | Zig:22   | Identified the Catalogue of Evil Secrets and Augmentations
106076 | Zig:22   | Identified Diafax's Compendium of Dark Arts and Clay
106084 | Zig:22   | Got a pair of ancient gloves
106095 | Zig:22   | Identified the +0 pair of gloves of Wocropt {Regen+ Str+3 Dex-5} (You found it on level 22 of a ziggurat)
106119 | Zig:23   | Entered Level 23 of a ziggurat
106209 | Zig:23   | Identified the Tome of Displaced Boosts
106232 | Zig:23   | Got a pair of crude boots
106243 | Zig:23   | Identified the cursed +0 pair of boots "Humuanud" {Str+3} (You found it on level 23 of a ziggurat)
106267 | Zig:23   | Got an ichor-stained buckler
106278 | Zig:23   | Identified the +3 buckler of Tender Moments {MP+9} (You found it on level 23 of a ziggurat)
106326 | Zig:24   | Entered Level 24 of a ziggurat
106393 | Zig:24   | Reached skill level 15 in Armour
106484 | Zig:24   | Learned a level 6 spell: Invisibility
106487 | Zig:24   | Identified Sif Muna's Volume of the Invisible Beggars
106517 | Zig:24   | Reached skill level 5 in Hexes
106535 | Zig:24   | Got a twitching wooden ring
106537 | Zig:24   | Identified the ring "Dibirapt" {Fire Int+3} (You found it on level 24 of a ziggurat)
106541 | Zig:24   | Got a scorched jade ring
106542 | Zig:24   | Identified the ring "Nuptycal" {rPois rF+ rC+ Stlth+} (You found it on level 24 of a ziggurat)
106574 | Zig:25   | Entered Level 25 of a ziggurat
106592 | Zig:25   | Noticed an ancient lich
106594 | Zig:25   | Noticed an ancient lich
106598 | Zig:25   | Noticed an ancient lich
106608 | Zig:25   | Reached skill level 1 in Translocations
106609 | Zig:25   | Killed an ancient lich
106633 | Zig:25   | Noticed an ancient lich
106633 | Zig:25   | Killed an ancient lich
106633 | Zig:25   | Reached skill level 5 in Translocations
106634 | Zig:25   | Noticed an ancient lich
106646 | Zig:25   | Killed an ancient lich
106647 | Zig:25   | Killed an ancient lich
106650 | Zig:25   | Noticed an ancient lich
106652 | Zig:25   | Noticed an ancient lich
106662 | Zig:25   | Killed an ancient lich
106664 | Zig:25   | Killed an ancient lich
106666 | Zig:25   | Noticed an ancient lich
106682 | Zig:25   | Killed an ancient lich
106688 | Zig:25   | Noticed an ancient lich
106694 | Zig:25   | Killed an ancient lich
106697 | Zig:25   | Killed an ancient lich
106697 | Zig:25   | Reached skill level 10 in Translocations
106765 | Zig:25   | Found the +8 frozen axe "Frostbite" {freezing cloud, *Noise +Fly rC+}
106782 | Zig:25   | Got a scorched marble ring
106789 | Zig:25   | Identified the amulet of Titrerai {RegenMP Str+5 SInv} (You found it on level 21 of a ziggurat)
106793 | Zig:25   | Identified the ring "Fofugierir" {rCorr rPois Str+8 Int-4 SInv} (You found it on level 25 of a ziggurat)
106808 | Zig:25   | Identified the Reference Book on Scorching Feathers
106821 | Zig:25   | Identified the Incunabulum of Illusion and Flames
106854 | Zig:26   | Entered Level 26 of a ziggurat
106876 | Zig:26   | Noticed a juggernaut
106885 | Zig:26   | Noticed a juggernaut
106885 | Zig:26   | Noticed a juggernaut
106885 | Zig:26   | Noticed a juggernaut
106887 | Zig:26   | Noticed a juggernaut
106889 | Zig:26   | Noticed a juggernaut
106893 | Zig:26   | Noticed a juggernaut
106893 | Zig:26   | Killed a juggernaut
106894 | Zig:26   | Noticed a juggernaut
106894 | Zig:26   | Noticed a juggernaut
106894 | Zig:26   | Noticed a juggernaut
106900 | Zig:26   | Killed a juggernaut
106901 | Zig:26   | Noticed a juggernaut
106903 | Zig:26   | Killed a juggernaut
106903 | Zig:26   | Killed a juggernaut
106905 | Zig:26   | Noticed a juggernaut
106906 | Zig:26   | Killed a juggernaut
106907 | Zig:26   | Noticed a juggernaut
106908 | Zig:26   | Killed a juggernaut
106911 | Zig:26   | Killed a juggernaut
106913 | Zig:26   | Killed a juggernaut
106917 | Zig:26   | Killed a juggernaut
106918 | Zig:26   | Killed a juggernaut
106919 | Zig:26   | Killed a juggernaut
106922 | Zig:26   | Killed a juggernaut
106924 | Zig:26   | Killed a juggernaut
107103 | Zig:26   | Got a fine quarterstaff
107169 | Zig:26   | Got a smoking platinum amulet
107170 | Zig:26   | Identified the amulet "Kakhlo" {+Rage Str+2 Slay+2} (You found it on level 26 of a ziggurat)
107177 | Zig:26   | Got an ancient pewter ring
107179 | Zig:26   | Identified the ring "Ifomera" {rC- Int+5 Stlth+} (You found it on level 26 of a ziggurat)
107185 | Zig:26   | Got a steaming hand crossbow
107186 | Zig:26   | Identified the +2 hand crossbow "Owkewi" {speed, -Tele rN+ Dex+3 SInv} (You found it on level 26 of a ziggurat)
107235 | Zig:27   | Entered Level 27 of a ziggurat
107252 | Zig:27   | Noticed a greater mummy
107254 | Zig:27   | Noticed a greater mummy
107256 | Zig:27   | Noticed a greater mummy
107256 | Zig:27   | Noticed a greater mummy
107258 | Zig:27   | Noticed a greater mummy
107260 | Zig:27   | Noticed a greater mummy
107260 | Zig:27   | Noticed a greater mummy
107267 | Zig:27   | Noticed a greater mummy
107268 | Zig:27   | Noticed a greater mummy
107269 | Zig:27   | Noticed a greater mummy
107271 | Zig:27   | Killed a greater mummy
107271 | Zig:27   | Killed a greater mummy
107271 | Zig:27   | Killed a greater mummy
107271 | Zig:27   | Killed a greater mummy
107272 | Zig:27   | Noticed a greater mummy
107272 | Zig:27   | Killed a greater mummy
107272 | Zig:27   | Killed a greater mummy
107272 | Zig:27   | Killed a greater mummy
107273 | Zig:27   | Noticed a greater mummy
107273 | Zig:27   | Noticed a greater mummy
107273 | Zig:27   | Noticed a greater mummy
107274 | Zig:27   | Noticed a greater mummy
107274 | Zig:27   | Noticed a greater mummy
107277 | Zig:27   | Noticed a greater mummy
107279 | Zig:27   | Noticed a greater mummy
107281 | Zig:27   | HP: 6/417 [greater mummy (17)]
107281 | Zig:27   | Mangled by a greater mummy

Skill      XL: |  1  2  3  4  5  6  7  8  9 10 11 12 13 14 15 16 17 18 19 20 21 22 23 24 25 26 27 |
---------------+----------------------------------------------------------------------------------+-----
Dodging        | 1 2 3 4 5 7 8 9 10 11 12 13 19 | 19.6
Unarmed Combat | 1 2 3 4 5 7 9 11 12 13 14 15 16 17 | 17.8
Polearms       | 2 3 4 |  4.3
Armour         | 1 2 3 4 5 6 7 8 9 10 11 12 13 19 | 19.8
Shields        | 1 2 3 4 5 6 7 8 9 10 11 12 13 17 19 25 | 25.4
Fighting       | 6 7 8 9 10 11 12 13 14 15 17 | 17.0
Axes           | 1 3 5 6 |  6.0
Evocations     | 2 4 |  4.0
Invocations    | 1 4 6 11 | 11.0
Crossbows      | 4 10 | 10.9
Transmutations | 3 8 11 13 15 17 | 17.7
Earth Magic    | 3 8 11 13 | 13.1
Spellcasting   | 2 6 8 9 10 12 19 | 19.9
Necromancy     | 7 13 20 | 20.6
Air Magic      | 24 | 24.8
Hexes          | 7 |  7.3
Translocations | 12 | 12.8
Stealth        | |  2.6

Action                   |  1- 3 |  4- 6 |  7- 9 | 10-12 | 13-15 | 16-18 | 19-21 | 22-24 | 25-27 || total
-------------------------+-------+-------+-------+-------+-------+-------+-------+-------+-------++-------
Melee: Spear             |   126 |   190 |   279 |       |       |       |       |       |       ||   595
       Headbutt          |    10 |    33 |    70 |   253 |   664 |   806 |   633 |   935 |  3540 ||  6944
       War axe           |       |       |   176 |   176 |       |       |       |       |       ||   352
       Unarmed           |       |       |       |   578 |  1801 |  2343 |  1916 |  2345 |  8014 || 16997
       Broad axe         |       |       |       |       |    75 |    29 |       |       |       ||   104
       Kick              |       |       |       |       |       |       |       |       |   230 ||   230
       Trident           |       |       |       |       |       |       |       |       |     8 ||     8
 Fire: Hand crossbow     |       |       |       |       |       |       |   463 |       |       ||   463
 Cast: Blink             |       |       |       |       |     1 |       |       |       |     4 ||     5
       Statue Form       |       |       |       |       |       |       |       |    32 |    55 ||    87
       Regeneration      |       |       |       |       |       |       |       |       |    53 ||    53
       Necromutation     |       |       |       |       |       |       |       |       |   279 ||   279
       Tornado           |       |       |       |       |       |       |       |       |    50 ||    50
       Lesser Beckoning  |       |       |       |       |       |       |       |       |     1 ||     1
Invok: Heroism           |       |       |     1 |     7 |     4 |     6 |    10 |     2 |       ||    30
       Finesse           |       |       |       |       |       |       |     5 |     1 |       ||     6
       Slouch            |       |       |       |       |       |       |       |       |    23 ||    23
       Temporal Distorti |       |       |       |       |       |       |       |       |    29 ||    29
       Step From Time    |       |       |       |       |       |       |       |       |     1 ||     1
 Abil: Stop Flying       |       |       |       |       |       |       |     2 |     1 |       ||     3
       Evoke Flight      |       |       |       |       |       |       |     1 |     1 |     1 ||     3
       End Transformatio |       |       |       |       |       |       |       |     4 |    26 ||    30
Evoke: Wand              |       |     6 |     7 |    51 |    20 |    14 |    10 |     3 |    35 ||   146
       Phantom mirror    |       |       |       |       |       |       |       |       |     3 ||     3
       Sack of spiders   |       |       |       |       |       |       |       |       |     2 ||     2
  Use: Scroll            |     5 |     1 |     6 |    16 |    29 |    18 |    26 |    22 |    52 ||   175
       Potion            |     1 |       |     6 |     6 |     7 |     5 |    11 |    13 |    30 ||    79
 Stab: Sleeping          |    10 |     3 |     8 |     2 |    21 |     9 |    17 |    14 |    41 ||   125
       Distracted        |     1 |       |     2 |     2 |     6 |     6 |     2 |     7 |    27 ||    53
       Paralysed         |       |       |    10 |    49 |    15 |       |     1 |     4 |       ||    79
       Invisible         |       |       |     4 |       |       |       |       |     2 |       ||     6
       Held in net/web   |       |       |       |       |       |     2 |       |       |       ||     2
       Confused          |       |       |       |       |       |     1 |       |       |       ||     1
  Eat: Chunk             |     3 |     4 |    13 |    24 |    28 |    24 |    26 |    25 |    14 ||   161
       Ration            |       |     1 |     2 |     1 |     6 |     9 |     6 |     6 |    12 ||    43
Armor: Robe              |     7 |       |       |       |       |       |       |       |       ||     7
       Ring mail         |    21 |    44 |       |       |       |       |       |       |       ||    65
       Chain mail        |       |    15 |       |       |     1 |       |       |       |   129 ||   145
       Leather armour    |       |    15 |   172 |    31 |       |       |       |       |       ||   218
       Skin              |       |       |    31 |       |       |       |     5 |   354 |   337 ||   727
       Pearl dragon scal |       |       |       |   197 |   437 |   998 |   310 |   213 |  1622 ||  3777
Dodge: Dodged            |    50 |    77 |   316 |   425 |   711 |  1252 |   438 |  1141 |  4491 ||  8901
Block: Buckler           |       |    29 |   131 |   252 |    44 |       |       |       |       ||   456
       Shield            |       |       |       |       |  1323 |   589 |       |       |       ||  1912
       Reflection        |       |       |       |       |    61 |    48 |    58 |   260 |     2 ||   429
       Large shield      |       |       |       |       |       |  3183 |  2486 |  3642 | 13618 || 22929
